 Dungeon Crawl Stone Soup version 0.26-a0-599-gc8f6553 (webtiles) character file.

Game seed: 7162136575714397241

515425 Dazliare the Hand of Fortune (level 26, -13/226 HPs)
             Began as a Human Monk on Aug 29, 2020.
             Was the Champion of Nemelex Xobeh.
             Killed from afar by a hellion (31 damage)
             ... with damnation
             ... summoned by a lich
             ... on level 4 of the Depths.
             The game lasted 01:40:58 (68398 turns).

Dazliare the Hand of Fortune (Human Monk)          Turns: 68398, Time: 01:40:59

Health: -13/226    AC: 47    Str: 27    XL:     26   Next: 45%
Magic:  40/40      EV: 18    Int:  6    God:    Nemelex Xobeh [******]
Gold:   5784       SH: 21    Dex: 25    Spells: 25/25 levels left

rFire    + + +     SeeInvis +   C - +7 morningstar "Sagadu" {protect, rElec rF+ MR+ Stlth+, *no*}
rCold    + + +     Faith    .   i - +5 kite shield {reflect}
rNeg     + + .     Spirit   .   I - +13 chain mail "Awninaq" {*Contam rC+ rN+ Regen+}
rPois    .         Reflect  +   Q - +2 helmet
rElec    +         Harm     .   M - +0 cloak of the Equator {rC+ Dex+3} (curse)
rCorr    .         Rnd*Rage +   H - +2 pair of gloves {Str+3}
MR       ++++.                  K - +0 pair of boots of Cheibriados's Hatred {rElec Str+5 Dex+4}
Stlth    ++........             g - necklace of Bloodlust {*Rage +Rage MR++ Int-3 Slay+6 *Curse} (curse)
HPRegen  0.87/turn              e - ring of Odotam {rElec rF+ rC+ rN+ Int-4}
MPRegen  0.27/turn              X - ring "Seizxeab" {rF+ AC+4}

@: protection aura, berserk cooldown, slowed, very slow
A: camouflage 1, see invisible, fire resistance 1, shaggy fur 1, no potion heal
1
}: 3/15 runes: decaying, silver, gossamer
a: Draw Escape, Draw Destruction, Draw Summoning, Draw Stack, Triple Draw, Deal
Four, Stack Five, Renounce Religion, Evoke Berserk Rage


You were on level 4 of the Depths.
You worshipped Nemelex Xobeh.
Nemelex Xobeh was exalted by your worship.
You visited 9 branches of the dungeon, and saw 44 of its levels.
You visited the Abyss 1 time.
You also visited: Gauntlet and Desolation.

You collected 7464 gold pieces.
You spent 1680 gold pieces at shops.

Inventory:

Hand Weapons
 C - the +7 morningstar "Sagadu" (weapon) {protect, rElec rF+ MR+ Stlth+, *no*}
   (You found it on level 1 of the Vaults)

   It grants its wielder temporary protection when it strikes (+7 to AC).
   It protects you from fire.
   It insulates you from electricity.
   It affects your resistance to hostile enchantments.
   It makes you more stealthy.
 Z - a +5 demon whip of flaming {*no*}
Missiles
 N - a throwing net (quivered) {*no*!f}
Armour
 i - a +5 kite shield of reflection (worn)
 H - a +2 pair of gloves of strength (worn)
 I - the +13 chain mail "Awninaq" (worn) {*Contam rC+ rN+ Regen+}
   (You bought it in a shop on level 2 of the Orcish Mines)

   It protects you from cold.
   It protects you from negative energy.
   It causes magical contamination when unequipped.
   It increases your rate of regeneration.
 K - the +0 pair of boots of Cheibriados's Hatred (worn) {rElec Str+5 Dex+4}
   (You found it in a Gauntlet)

   It affects your strength (+5).
   It affects your dexterity (+4).
   It insulates you from electricity.
 M - the cursed +0 cloak of the Equator (worn) {rC+ Dex+3}
   (You found it in a Gauntlet)

   It affects your dexterity (+3).
   It protects you from cold.
   It has a curse placed upon it.
 Q - a +2 helmet (worn)
Jewellery
 e - the ring of Odotam (left hand) {rElec rF+ rC+ rN+ Int-4}
   (You found it in the Desolation of Salt)

   [ring of protection from cold]

   It affects your intelligence (-4).
   It protects you from fire.
   It protects you from cold.
   It insulates you from electricity.
   It protects you from negative energy.
 f - an uncursed ring of resist corrosion
 g - the cursed necklace of Bloodlust (around neck) {*Rage +Rage MR++ Int-3 Slay+6 *Curse}
   (You found it in the Desolation of Salt)

   [amulet of nothing]

   It affects your intelligence (-3).
   It affects your accuracy and damage with ranged weapons and melee attacks
   (+6).
   It affects your resistance to hostile enchantments.
   It lets you go berserk.
   It may make you go berserk in combat.
   It curses itself when equipped.
   It has a curse placed upon it.
 h - an uncursed ring of poison resistance
 y - an uncursed ring of protection from fire
 X - the ring "Seizxeab" (right hand) {rF+ AC+4}
   (You found it on level 4 of the Vaults)

   [ring of protection]

   It affects your AC (+4).
   It protects you from fire.
Wands
 A - a wand of acid (29)
 R - a wand of enslavement (9)
 T - a wand of iceblast (47)
 W - a wand of digging (20)
Scrolls
 k - 11 scrolls of amnesia
 m - 3 scrolls of fear
 n - 3 scrolls of enchant armour
 p - 26 scrolls of remove curse {@r2}
 q - 7 scrolls of immolation
 r - 11 scrolls of identify {@r1}
 s - 21 scrolls of teleportation
 u - 10 scrolls of fog
 v - a scroll of summoning
 x - 9 scrolls of magic mapping
 B - 2 scrolls of brand weapon
 S - 4 scrolls of vulnerability
 U - 3 scrolls of holy word
 Y - a scroll of silence
Potions
 a - 5 potions of magic
 b - 11 potions of stabbing
 d - 3 potions of flight
 j - 2 potions of cancellation
 w - 16 potions of lignification
 z - 4 potions of haste
 D - 2 potions of berserk rage
 F - 7 potions of curing {@q1}
 G - 5 potions of invisibility
 J - 8 potions of brilliance
 L - 8 potions of mutation
 O - 4 potions of might
 P - 7 potions of heal wounds
 V - 3 potions of ambrosia
Miscellaneous
 l - a phantom mirror
 o - a phantom mirror
 t - a box of beasts (3/3)


   Skills:
 + Level 22.4 Fighting
 - Level 16.0 Maces & Flails
 - Level 12.0 Armour
 - Level 10.0 Dodging
 - Level 2.0 Stealth
 - Level 15.0 Shields
 + Level 26.1 Invocations


You had 25 spell levels left.
You didn't know any spells.
Your spell library contained the following spells:

 Spells                   Type           Power        Failure   Level
 Animate Skeleton         Necr           #.....       90%         1
 Apportation              Tloc           #.....       90%         1
 Beastly Appendage        Tmut           #.....       90%         1
 Corona                   Hex            #......      90%         1
 Freeze                   Ice            #...         90%         1
 Magic Dart               Conj           #...         90%         1
 Sandblast                Erth           #.....       90%         1
 Shock                    Conj/Air       #...         90%         1
 Sting                    Tmut/Pois      #...         90%         1
 Summon Small Mammal      Summ           #...         90%         1
 Blink                    Tloc           N/A          97%         2
 Call Imp                 Summ           #.......     97%         2
 Corpse Rot               Necr/Air       N/A          97%         2
 Ensorcelled Hibernation  Hex/Ice        #.....       97%         2
 Passwall                 Tmut/Erth      #.......     97%         2
 Poisonous Vapours        Pois/Air       #.....       97%         2
 Searing Ray              Conj           #.....       97%         2
 Slow                     Hex            #.......     97%         2
 Sublimation of Blood     Necr           #.........   97%         2
 Swiftness                Air            #.......     97%         2
 Wereblood                Tmut           #.......     97%         2
 Call Canine Familiar     Summ           #.......     99%         3
 Confusing Touch          Hex            #.......     99%         3
 Conjure Flame            Conj/Fire      #.......     99%         3
 Dazzling Flash           Conj/Hex       #.....       99%         3
 Frozen Ramparts          Ice            #.....       99%         3
 Gell's Gravitas          Tloc           #.........   99%         3
 Ignite Poison            Fire/Tmut/Pois #.......     99%         3
 Lesser Beckoning         Tloc           #.........   99%         3
 Mephitic Cloud           Conj/Pois/Air  #.......     99%         3
 Ozocubu's Armour         Ice            #.......     99%         3
 Spider Form              Tmut/Pois      #.........   99%         3
 Static Discharge         Conj/Air       #.......     99%         3
 Stone Arrow              Conj/Erth      #.....       99%         3
 Summon Guardian Golem    Hex/Summ       #.......     99%         3
 Teleport Other           Tloc           #.......     99%         3
 Tukima's Dance           Hex            #.......     99%         3
 Vampiric Draining        Necr           #.........   99%         3
 Airstrike                Air            #.........   100%        4
 Animate Dead             Necr           #.........   100%        4
 Cause Fear               Hex            #.........   100%        4
 Dispel Undead            Necr           #.......     100%        4
 Fulminant Prism          Conj/Hex       #.........   100%        4
 Hailstorm                Conj/Ice       #.......     100%        4
 Ice Form                 Ice/Tmut       #.......     100%        4
 Iskenderun's Mystic Bla  Conj/Tloc      #.......     100%        4
 Olgreb's Toxic Radiance  Pois           #.......     100%        4
 Passage of Golubria      Tloc           N/A          100%        4
 Petrify                  Tmut/Erth      #.......     100%        4
 Summon Ice Beast         Ice/Summ       #.......     100%        4
 Summon Lightning Spire   Summ/Air       #.......     100%        4
 Agony                    Necr           #.......     100%        5
 Blade Hands              Tmut           #.........   100%        5
 Bolt of Magma            Conj/Fire/Erth #.........   100%        5
 Borgnjor's Vile Clutch   Necr/Erth      #.........   100%        5
 Excruciating Wounds      Necr           #.........   100%        5
 Fireball                 Conj/Fire      #.........   100%        5
 Irradiate                Conj/Tmut      #.........   100%        5
 Iskenderun's Battlesphe  Conj           #.......     100%        5
 Lee's Rapid Deconstruct  Erth           #.........   100%        5
 Lightning Bolt           Conj/Air       #.........   100%        5
 Metabolic Englaciation   Hex/Ice        #.........   100%        5
 Silence                  Hex/Air        #.........   100%        5
 Summon Forest            Summ/Tloc      #.........   100%        5
 Summon Mana Viper        Hex/Summ       #.......     100%        5
 Yara's Violent Unravell  Hex/Tmut       #.........   100%        5
 Conjure Ball Lightning   Conj/Air       #.........   100%        6
 Death Channel            Necr           #.........   100%        6
 Eringya's Noxious Bog    Tmut/Pois      #.........   100%        6
 Freezing Cloud           Conj/Ice/Air   #.........   100%        6
 Hydra Form               Tmut           #.........   100%        6
 Iron Shot                Conj/Erth      #.........   100%        6
 Ozocubu's Refrigeration  Ice            #.........   100%        6
 Shadow Creatures         Summ           N/A          100%        6
 Simulacrum               Ice/Necr       #.........   100%        6
 Starburst                Conj/Fire      #.........   100%        6
 Statue Form              Tmut/Erth      #........    100%        6
 Dragon Form              Tmut           #.........   100%        7
 Orb of Destruction       Conj           #.........   100%        7
 Spellforged Servitor     Conj/Summ      #.........   100%        7
 Discord                  Hex            #.........   100%        8
 Ignition                 Fire           #.........   100%        8
 Shatter                  Erth           #.........   100%        9
 Tornado                  Air            #.........   100%        9


Dungeon Overview and Level Annotations

Branches:
Dungeon (15/15)            Temple (0/1) D:6            Lair (6/6) D:10
  Swamp (4/4) Lair:2       Spider (4/4) Lair:4        Slime (0/5) Lair:5
    Orc (2/2) D:12            Elf (3/3) Orc:2        Vaults (5/5) D:13
  Crypt (0/3) Vaults:3     Depths (4/5) D:15           Hell (visited)
Desolation (visited)      Gauntlet (visited)
    Dis: Hell:1         Geh: Hell:1         Coc: Hell:1         Tar: Hell:1

Altars:
Ashenzari
Elyvilon
Fedhas
Gozag
Hepliaklqana
Kikubaaqudgha
Makhleb
Nemelex Xobeh
Okawaru
Sif Muna
Vehumet
Wu Jian
Xom
Yredelemnul
Zin
The Shining One
Jiyva

Shops:
D:6 (   D:14 ?   Orc:2 **[:(   Elf:3 (   Vaults:1 =   Vaults:5 :

Portals:
Hell: Depths:1 Depths:2 Depths:3 Depths:4
Abyss: Depths:1 Depths:3
Pandemonium: Depths:3

Annotations:
D:3 1 exclusion, Jessica
D:12 exclusion: downstairs
D:14 3 runed translucent doors, Demosthentine's ghost, journeyman MfGl
Lair:5 1 runed translucent door
Elf:2 3 runed translucent doors
Vaults:4 36 runed doors


Innate Abilities, Weirdness & Mutations

Your skin changes colour to match your surroundings (Stealth+).
You have supernaturally acute eyesight. (SInv)
Your flesh is heat resistant. (rF+)
You are covered in fur. (AC +1)
Potions are less effective at restoring your health.


Message History

The lich is almost destroyed.
The tormentor hits you but does no damage.
You block the tormentor's attack.
The centaur warrior shoots an arrow.
You reflect the arrow off your +5 kite shield of reflection!
The arrow hits the ice devil!!
You block the chaos spawn's attack. The lich closely misses you.
The hellion completely misses you.
You closely miss the lich.
The lich is almost destroyed.
You are no longer berserk.
You are exhausted.
You feel yourself slow down. The tormentor misses you.
The tormentor barely misses you.
Press: ? - help, Dir - move target cursor
As you read the scroll of blinking, it crumbles to dust.
The centaur warrior shoots an arrow.
The arrow hits you!!
* * * LOW HITPOINT WARNING * * *
x2 The hellion gestures at you.
The sphere of damnation explodes!
The damnation engulfs you!!
You die...
Your body glows with a rainbow of weird colours and disappears.

$ #.....#.. #.#.###....## ..
#.....'. #...# #.##.# +. +..8..#
#...###+##'## .. #..⌠..#
###............ ##+. #.cD3.#
#..............
#)..(##ei########.#............
####.224(.?#......#.......#####
......D4Lc###......#......## ...
.......(2......@.).#......# §..
.........#.........#......# ...
...................#......# ..∩.
.........#.........+....(.# ....
.........#.........#......# ....
.........+.........#......##≈...
........#.........#.......#####
........#.........#............
........# #..........[.


You could see a lich (invisible), a centaur warrior and a hellion (summoned).

Vanquished Creatures
  Mara (Vaults:3)
  A juggernaut (Depths:2)
  An ancient lich (Vaults:5)
  the Lernaean hydra (Swamp:4)
  Margery (Depths:2)
  A golden dragon (Depths:2)
  Geryon (Hell)
  Nikola (Spider:4)
  Arachne (Spider:4)
  4 tentacled monstrosities
  5 liches
  Jorgrun (Swamp:2)
  2 deep elf master archers (Elf:3)
  2 titans (Vaults:5)
  2 deep elf blademasters (Elf:3)
  A quicksilver dragon (Vaults:5)
  An Executioner (Abyss:2)
  2 tentacled starspawn (Abyss:2)
  5 storm dragons (Vaults:5)
  2 thorn hunters
  6 shadow dragons
  7 tengu reavers
  8 fire giants
  A ghost moth (shapeshifter) (Vaults:4)
  13 frost giants
  3 iron dragons
  4 deep elf sorcerers (Elf:3)
  An orc warlord (Orc:2)
  8 emperor scorpions
  3 ghost moths
  A cacodemon (Hell)
  A juggernaut zombie (Hell)
  A ghoul (Swamp:2)
  5 imperial myrmidons (Desolation)
  12 vault wardens
  9 very ugly things
  A deep elf elementalist (Elf:3)
  5 ironheart preservers
  A war gargoyle (Vaults:5)
  13 stone giants
  3 entropy weavers
  3 dire elephants
  8 deep elf annihilators (Elf:3)
  8 deep elf demonologists
  A halazid warlock (Desolation)
  2 lorocyprocas
  A minotaur (Gauntlet)
  3 crystal guardians
  6 spark wasps
  A blizzard demon (Depths:3)
  An ettin (shapeshifter) (Vaults:5)
  Josephine (Swamp:1)
  13 ettins
  4 deep elf death magi
  10 yaktaur captains
  5 jiangshi
  10 ogre magi
  10 small abominations
  4 fire dragons
  5 deep elf high priests
  A naga warrior (Abyss:2)
  5 rakshasas
  3 ragged hierophants (Desolation)
  20 hydras
  9 ice dragons
  7 great orbs of eyes
  3 peacekeepers (Desolation)
  4 catoblepae
  4 vault guards
  2 ghost crabs
  6 servants of whispers (Desolation)
  A shambling mangrove (Swamp:4)
  A two-headed ogre (shapeshifter) (Vaults:5)
  4 death knights
  35 two-headed ogres
  16 alligators
  5 queen ants
  17 dancing weapons
  5 centaur warriors
  4 deep troll earth magi
  3 orc high priests
  6 death yaks
  6 deep troll shamans
  2 hell hogs (Depths:4)
  A tengu warrior (Depths:1)
  3 vampire magi (Depths:3)
  A thrashing horror (Abyss:2)
  A spriggan berserker (Depths:4)
  12 deep elf knights
  A storm dragon zombie (Hell)
  18 hell knights
  3 sixfirhies
  9 skeletal warriors
  An iron troll (Depths:2)
  6 shadow wraiths
  A spatial maelstrom (Abyss:2)
  8 unseen horrors
  3 flayed ghosts
  A death drake (Orc:2)
  10 deep trolls
  3 sea snakes
  A wizard (Depths:1)
  8 swamp dragons
  4 spriggan druids
  4 glowing orange brains
  19 ironbrand convokers
  A lindwurm (shapeshifter) (Vaults:5)
  15 deep elf archers
  17 orc knights
  A harpy (shapeshifter) (Vaults:2)
  30 orb spiders
  50 ugly things
  7 necromancers
  5 orc sorcerers
  6 phantasmal warriors
  2 harpies
  A lindwurm (Vaults:3)
  4 cyclopes
  An oklob plant (Gauntlet)
  36 wolf spiders
  3 manticores
  A frost giant zombie (Depths:1)
  73 deep elf magi
  A cyclops (shapeshifter) (Depths:1)
  4 elephants
  A worldbinder (Abyss:2)
  9 large abominations
  A water nymph (Lair:2)
  An elephant (shapeshifter) (Vaults:5)
  A black mamba (shapeshifter) (Vaults:1)
  A water nymph (shapeshifter) (Vaults:5)
  An orange demon (Abyss:2)
  2 guardian serpents (shapeshifter) (Vaults:1)
  An eye of devastation (Orc:2)
  A smoke demon (Abyss:2)
  6 guardian serpents
  A torpor snail (shapeshifter) (Depths:2)
  2 black mambas
  An ice statue (D:13)
  16 cane toads
  A gargoyle (D:13)
  A molten gargoyle (Desolation)
  13 vault sentinels
  A torpor snail (Gauntlet)
  7 freezing wraiths
  3 rime drakes
  7 komodo dragons
  An efreet (D:14)
  A redback zombie (D:15)
  13 demonic crawlers
  43 yaktaurs
  3 ancient zymes (Abyss:2)
  4 tengu conjurers
  7 trolls
  A spriggan skeleton (Depths:1)
  2 meliai (shapeshifter)
  A hellwing (Abyss:2)
  38 jumping spiders
  A red devil (Hell)
  A polar bear (shapeshifter) (Vaults:2)
  3 meliai (D:14)
  7 polar bears
  51 saltlings (Desolation)
  A hornet (shapeshifter) (Vaults:3)
  9 tyrant leeches
  A raiju (shapeshifter) (D:14)
  8 bog bodies
  A jumping spider (shapeshifter) (Vaults:4)
  10 hornets
  An elf zombie (Depths:1)
  24 slime creatures
  9 blink frogs
  4 raiju (Abyss:2)
  A harpy skeleton (D:13)
  17 hippogriffs
  A frost giant simulacrum (Depths:1)
  An air elemental (Elf:1)
  3 shadows (Swamp:2)
  2 starcursed masses (Abyss:2)
  A tarantella (shapeshifter) (Vaults:1)
  4 vampires
  6 flying skulls (Abyss:2)
  10 spriggans
  19 tarantellas
  62 redbacks
  8 water elementals
  42 yaks
  4 wyverns
  4 fire elementals
  A basilisk (shapeshifter) (Vaults:3)
  2 fire bats
  7 wraiths
  A golden eye (shapeshifter) (Vaults:4)
  2 humans (shapeshifter)
  A yak (shapeshifter) (Vaults:3)
  A golden eye (Lair:6)
  2 basilisks
  4 chaos spawn
  A neqoxec (Abyss:2)
  Eustachio (D:5)
  A steam dragon (D:13)
  13 vampire mosquitoes
  25 swamp worms
  20 insubstantial wisps
  5 wargs
  2 soldier ants
  2 acid dragons
  13 hell hounds
  4 nagas (Abyss:2)
  4 porcupines
  8 water moccasins
  A floating eye (Swamp:4)
  2 ice beasts (shapeshifter)
  10 swamp drakes
  44 orc warriors
  2 sky beasts
  2 black bears
  A deep troll simulacrum (Depths:1)
  18 ice beasts
  5 phantoms
  6 necrophages
  2 eyes of draining
  31 ogres
  15 boggarts
  3 wolves (Lair:3)
  15 centaurs
  2 big kobolds (D:14)
  7 crocodiles
  A wyvern zombie (D:13)
  14 bullfrogs
  2 gnoll sergeants
  6 earth elementals
  3 wyvern skeletons
  6 scorpions
  A troll zombie (D:8)
  An elf simulacrum (Vaults:3)
  A killer bee (shapeshifter) (Vaults:5)
  8 electric eels
  17 wights
  8 howler monkeys
  2 centaur zombies
  A bullfrog zombie (D:12)
  2 crimson imps
  A quasit (D:10)
  A jelly (shapeshifter) (Vaults:5)
  4 jellies
  4 hounds
  5 human zombies (D:8)
  37 orc priests
  Ijyb (D:4)
  A gnoll shaman (D:8)
  2 bullfrog skeletons (D:9)
  6 centaur skeletons
  3 iron imps
  An iguana (D:6)
  40 orc wizards
  11 worker ants
  Natasha (thrice) (D:3)
  A hound zombie (D:5)
  A hound skeleton (D:7)
  3 mummies (D:8)
  8 gnolls
  2 worker ant zombies
  11 adders
  A shadow imp (D:8)
  2 white imps
  4 ufetubi
  3 oozes
  An adder zombie (D:5)
  3 adder skeletons
  4 worms
  2 dart slugs
  5 leopard geckos
  108 orcs
  4 bats
  5 giant cockroaches
  6 goblins
  6 hobgoblins
  17 jackals
  14 kobolds
  3 quokkas
  3 ball pythons
  3 frilled lizards
  A jackal skeleton (D:6)
  A quokka zombie (D:8)
  11 rats
  A briar patch (Swamp:2)
  3 starspawn tentacles (Abyss:2)
2007 creatures vanquished.

Vanquished Creatures (collateral kills)
  A vault warden (Vaults:5)
  A ghost moth (Spider:4)
  4 very ugly things (Vaults:3)
  Fannar (Lair:2)
  Harold (D:8)
  2 hydras
  A catoblepas (Lair:6)
  An ogre mage (Depths:3)
  A shock serpent (Depths:2)
  2 skeletal warriors (D:13)
  4 swamp dragons (Swamp:4)
  An orc sorcerer (Orc:2)
  2 slime creatures (D:12)
  An eye of devastation (Lair:2)
  A cane toad (Lair:3)
  2 saltlings (Desolation)
  A bog body (Swamp:2)
  An air elemental (Elf:3)
  A redback (Spider:4)
  3 shadows (Swamp:2)
  2 yaks (Lair:6)
  An insubstantial wisp (Swamp:1)
  A swamp worm (Swamp:2)
  A floating eye (Depths:2)
  An orc warrior (D:9)
  An ogre (Depths:3)
  4 howler monkeys (D:8)
  4 wights (D:8)
  A hound (D:8)
  An orc priest (Orc:2)
  A jelly (D:8)
  A worker ant (D:8)
  An adder (D:8)
  An ooze (Swamp:4)
  2 orcs (Orc:2)
  A quokka (D:8)
  7 bats (D:8)
63 creatures vanquished.

Vanquished Creatures (others)
  A storm dragon (Depths:4)
  A tengu reaver (Vaults:3)
  2 deep elf elementalists (Elf:3)
  A vault guard (Vaults:5)
  An alligator (Vaults:5)
  A dancing weapon (Elf:3)
  A death yak (Lair:6)
  A deep elf knight (Elf:2)
  A death drake (Vaults:5)
  A deep elf archer (Elf:3)
  2 deep elf magi
  A yaktaur (D:13)
  A demonic crawler (Spider:2)
  A troll (D:14)
  2 jumping spiders
  2 saltlings (Desolation)
  A golden eye (shapeshifter) (Depths:4)
  3 ogres
  An ufetubus (Depths:3)
  An orc (Vaults:5)
  A kobold (D:14)
  3 bushes (Lair:6)
  21 fungi
  A lurking horror (Abyss:2)
  148 plants
  5 starspawn tentacles (Abyss:2)
  27 withered plants (Swamp:2)
232 creatures vanquished.

Grand Total: 2302 creatures vanquished

Notes
Turn   | Place    | Note
-------+----------+-------------------------------------------
     0 | D:1      | Dazliare the Human Monk began the quest for the Orb.
     0 | D:1      | Reached XP level 1. HP: 18/18 MP: 1/1
   411 | D:1      | Reached XP level 2. HP: 22/24 MP: 2/2
   927 | D:2      | Reached XP level 3. HP: 8/29 MP: 3/3
  1226 | D:2      | Found an iron altar of Okawaru.
  1648 | D:2      | Reached XP level 4. HP: 25/35 MP: 4/4
  1929 | D:2      | Found a glowing golden altar of the Shining One.
  2212 | D:3      | Noticed Natasha
  2588 | D:3      | Killed Natasha
  2588 | D:3      | Reached skill level 5 in Maces & Flails
  2768 | D:3      | Noticed Natasha
  2786 | D:3      | Killed Natasha
  2786 | D:3      | Reached XP level 5. HP: 8/41 MP: 5/5
  2792 | D:3      | Noticed Natasha
  3049 | D:3      | Killed Natasha
  3452 | D:3      | Noticed Jessica
  3565 | D:3      | Found a shimmering blue altar of Sif Muna.
  4237 | D:4      | Noticed a phantom
  4297 | D:4      | Killed a phantom
  4297 | D:4      | Reached XP level 6. HP: 25/47 MP: 6/6
  4499 | D:4      | Noticed Ijyb
  4499 | D:4      | Paralysed by Ijyb for 7 turns
  4523 | D:4      | Paralysed by Ijyb for 2 turns
  4539 | D:4      | Paralysed by Ijyb for 6 turns
  4570 | D:4      | Killed Ijyb
  4677 | D:4      | Reached XP level 7. HP: 15/52 MP: 7/7
  5179 | D:4      | You fall into a shaft and drop 1 floor!
  5179 | D:5      | Entered Level 5 of the Dungeon
  5197 | D:5      | Noticed Eustachio
  5225 | D:5      | Killed Eustachio
  5315 | D:5      | Found a hazy altar of Hepliaklqana.
  6290 | D:5      | Found a blossoming altar of Fedhas.
  6507 | D:5      | Found a sparkling altar of Nemelex Xobeh.
  6526 | D:5      | Became a worshipper of Nemelex Xobeh the Trickster
  6526 | D:5      | Received a gift from Nemelex Xobeh
  6526 | D:5      | Reached * piety under Nemelex Xobeh
  6526 | D:5      | Received a gift from Nemelex Xobeh
  6526 | D:5      | Reached ** piety under Nemelex Xobeh
  6854 | D:5      | Reached XP level 8. HP: 57/58 MP: 8/8
  7236 | D:6      | Found Sescharr's Antique Weapon Emporium.
  7257 | D:6      | Found a shimmering altar of Xom.
  7315 | D:6      | Got a slimy brass amulet
  7541 | D:6      | Reached skill level 10 in Maces & Flails
  7672 | D:6      | Reached skill level 1 in Shields
  7813 | D:6      | Found a staircase to the Ecumenical Temple.
  8218 | D:6      | Identified the amulet "Zusiosoy" {Reflect rN+ Int+2 Slay-6
                  | SH+5} (You found it on level 6 of the Dungeon)
  8325 | D:6      | Reached XP level 9. HP: 45/63 MP: 9/9
  8527 | D:7      | Noticed a hippogriff
  8552 | D:7      | Killed a hippogriff
  8833 | D:7      | Found an ornate altar of the Wu Jian Council.
  8878 | D:7      | Reached skill level 5 in Shields
  9107 | D:7      | Received a gift from Nemelex Xobeh
  9168 | D:7      | Found an iron altar of Okawaru.
  9181 | D:7      | Found a shattered altar of Ashenzari.
  9931 | D:7      | Found a burning altar of Makhleb.
  9931 | D:7      | Found a radiant altar of Vehumet.
 10043 | D:8      | Reached XP level 10. HP: 70/70 MP: 10/10
 10296 | D:8      | Noticed Harold
 10324 | D:8      | Killed Harold
 10324 | D:8      | Reached skill level 1 in Invocations
 10330 | D:8      | Reached skill level 2 in Invocations
 11115 | D:8      | Found an ancient bone altar of Kikubaaqudgha.
 11291 | D:8      | Reached skill level 3 in Invocations
 12049 | D:9      | Got a twisted helmet
 12089 | D:9      | Found a basalt altar of Yredelemnul.
 12089 | D:9      | Found a glowing silver altar of Zin.
 12134 | D:9      | Identified the cursed -3 helmet of Jeral {rPois MR+ rCorr
                  | Str+3 Slay-3} (You found it on level 9 of the Dungeon)
 12238 | D:9      | Found a white marble altar of Elyvilon.
 12382 | D:10     | Entered Level 10 of the Dungeon
 12442 | D:10     | Reached *** piety under Nemelex Xobeh
 12453 | D:10     | Found a staircase to the Lair.
 12468 | D:10     | Received a gift from Nemelex Xobeh
 12600 | D:10     | Reached skill level 4 in Invocations
 12728 | D:10     | Reached XP level 11. HP: 59/73 MP: 14/14
 13167 | D:10     | Reached skill level 5 in Invocations
 13323 | D:10     | Received a gift from Nemelex Xobeh
 14131 | D:11     | Noticed a white ugly thing
 14146 | D:11     | Killed a white ugly thing
 14449 | D:11     | Reached skill level 6 in Invocations
 15419 | Lair:1   | Entered Level 1 of the Lair of Beasts
 15495 | Lair:1   | Received a gift from Nemelex Xobeh
 15839 | Lair:1   | Reached XP level 12. HP: 77/82 MP: 15/17
 15941 | Lair:1   | Reached **** piety under Nemelex Xobeh
 16234 | Lair:2   | Received a gift from Nemelex Xobeh
 16502 | Lair:2   | Reached skill level 7 in Invocations
 16849 | Lair:2   | Noticed Fannar
 16856 | Lair:2   | Killed Fannar
 16856 | Lair:2   | Reached skill level 5 in Fighting
 17008 | Lair:2   | Noticed a five-headed hydra
 17008 | Lair:2   | Noticed a seven-headed hydra
 17023 | Lair:2   | Killed a seven-headed hydra
 17025 | Lair:2   | Killed a five-headed hydra
 17385 | Lair:2   | Found a staircase to the Swamp.
 17395 | Lair:2   | Noticed an alligator
 17395 | Lair:2   | a tyrant leech changed into an alligator
 17396 | Lair:2   | Reached skill level 15 in Maces & Flails
 17398 | Lair:2   | Killed an alligator
 17894 | Lair:2   | You fall into a shaft and drop 1 floor!
 17894 | Lair:3   | Noticed a six-headed hydra
 17911 | Lair:3   | Killed a six-headed hydra
 17911 | Lair:3   | Reached skill level 8 in Invocations
 18289 | Lair:3   | Received a gift from Nemelex Xobeh
 19237 | Lair:3   | Noticed a four-headed hydra
 19245 | Lair:3   | Killed a four-headed hydra
 19245 | Lair:3   | Reached XP level 13. HP: 75/95 MP: 19/19
 19388 | Lair:3   | Received a gift from Nemelex Xobeh
 19921 | Lair:4   | Found a hole to the Spider Nest.
 19981 | Lair:4   | Reached ***** piety under Nemelex Xobeh
 20003 | Lair:4   | Reached skill level 9 in Invocations
 20867 | Lair:4   | Received a gift from Nemelex Xobeh
 20975 | Lair:4   | Noticed a six-headed hydra
 21202 | Lair:4   | Killed a six-headed hydra
 22072 | Lair:5   | Found a runed translucent door.
 22072 | Lair:5   | Found a viscous altar of Jiyva.
 22073 | Lair:5   | Noticed an azure jelly
 22075 | Lair:5   | Noticed an azure jelly
 22081 | Lair:5   | Found a staircase to the Slime Pits.
 22331 | Lair:5   | Received a gift from Nemelex Xobeh
 22592 | Lair:6   | Entered Level 6 of the Lair of Beasts
 22625 | Lair:5   | Reached skill level 10 in Invocations
 23488 | Lair:6   | Noticed a five-headed hydra
 23514 | Lair:6   | Noticed an entropy weaver
 23514 | Lair:6   | a five-headed hydra changed into an entropy weaver
 23516 | Lair:6   | Killed an entropy weaver
 23788 | Lair:6   | Received a gift from Nemelex Xobeh
 23794 | Lair:6   | Reached XP level 14. HP: 105/106 MP: 20/22
 24210 | Lair:6   | Reached skill level 11 in Invocations
 24643 | Lair:6   | Reached skill level 10 in Shields
 25850 | Lair:6   | Reached skill level 10 in Fighting
 26354 | Lair:6   | Received a gift from Nemelex Xobeh
 26671 | D:12     | Reached skill level 12 in Invocations
 27699 | D:12     | Received a gift from Nemelex Xobeh
 27883 | D:12     | Found a staircase to the Orcish Mines.
 27933 | Orc:1    | Entered Level 1 of the Orcish Mines
 28394 | Orc:2    | Entered Level 2 of the Orcish Mines
 28486 | Orc:2    | Found a staircase to the Elven Halls.
 28665 | Orc:2    | Reached skill level 1 in Armour
 28791 | Orc:2    | Found Penapi's Assorted Antiques.
 28903 | Orc:2    | Reached XP level 15. HP: 99/115 MP: 24/24
 28995 | Orc:2    | Noticed an orc warlord
 29045 | Orc:2    | Killed an orc warlord
 29596 | Orc:2    | Reached skill level 13 in Invocations
 29671 | Orc:2    | Paralysed by an orc sorcerer for 6 turns
 30117 | Orc:2    | Received a gift from Nemelex Xobeh
 30251 | Orc:2    | Found Plog's General Store.
 30252 | Orc:2    | Found Ixzozune's Book Shoppe.
 30253 | Orc:2    | Found Etih Moo's Antique Armour Shoppe.
 30253 | Orc:2    | Found Eshunij's Antique Weapon Emporium.
 30257 | Orc:2    | Bought a pair of gloves for 126 gold pieces
 30277 | Orc:2    | Bought a +2 pair of gloves of strength for 279 gold pieces
 30277 | Orc:2    | Bought the +13 chain mail "Awninaq" {*Contam rC+ rN+
                  | Regen+} for 1067 gold pieces
 30277 | Orc:2    | Bought a scroll of identify for 26 gold pieces
 30277 | Orc:2    | Identified a scroll of acquirement
 30322 | Orc:2    | Acquired 630 gold pieces
 30413 | Orc:2    | Received a gift from Nemelex Xobeh
 30604 | Orc:1    | Reached ****** piety under Nemelex Xobeh
 30958 | D:13     | Reached skill level 5 in Armour
 31234 | D:13     | Received a gift from Nemelex Xobeh
 31276 | D:13     | Found a gate to the Vaults.
 31825 | D:14     | Found a gate leading to a gauntlet.
 31872 | D:14     | Reached skill level 14 in Invocations
 31891 | Gauntlet | Entered a Gauntlet
 31891 | Gauntlet | Found a transporter.
 31891 | Gauntlet | Found a transporter.
 31925 | Gauntlet | Found a transporter.
 31940 | Gauntlet | Found a transporter.
 31962 | Gauntlet | Found a transporter.
 31969 | Gauntlet | Found a transporter.
 32051 | Gauntlet | Found a transporter.
 32066 | Gauntlet | Found a transporter.
 32075 | Gauntlet | Identified the cursed ring of Uvoytost {*Corrode rPois rF+
                  | EV-4}
 32087 | Gauntlet | Found a transporter.
 32096 | Gauntlet | Found a transporter.
 32176 | Gauntlet | Found a transporter.
 32188 | Gauntlet | Found a transporter.
 32194 | Gauntlet | Found a transporter.
 32196 | Gauntlet | Found a transporter.
 32196 | Gauntlet | Found a transporter.
 32226 | Gauntlet | Found a transporter.
 32362 | Gauntlet | Got a pair of smoking boots
 32368 | Gauntlet | Identified the +0 pair of boots of Cheibriados's Hatred
                  | {rElec Str+5 Dex+4} (You found it in a Gauntlet)
 32396 | Gauntlet | Got a steaming cloak
 32431 | Gauntlet | Reached XP level 16. HP: 101/122 MP: 26/26
 32523 | Gauntlet | Identified the ring of the Open Hand {*Tele MR++ Int+5
                  | Dex-4}
 32541 | Gauntlet | Identified Sophisticated Witchcraft
 32541 | Gauntlet | Identified the Papyrus of Lightness
 32557 | D:14     | Found a runed translucent gate.
 32558 | D:14     | Found a runed translucent gate.
 32558 | D:14     | Noticed Demosthentine's ghost (journeyman MfGl)
 32559 | D:14     | Found a runed translucent gate.
 32591 | D:14     | Found Jocasch's Magic Scroll Boutique.
 32734 | D:14     | Bought a scroll of blinking for 105 gold pieces
 32734 | D:14     | Bought a scroll of fear for 49 gold pieces
 32734 | D:14     | Bought a scroll of fog for 28 gold pieces
 32907 | D:14     | You fall into a shaft and drop 1 floor!
 32907 | D:15     | Entered Level 15 of the Dungeon
 32907 | D:15     | Received a gift from Nemelex Xobeh
 32936 | D:15     | Found an opulent altar of Gozag.
 33298 | D:15     | Received a gift from Nemelex Xobeh
 33372 | D:15     | Found a staircase to the Depths.
 34244 | Spider:1 | Entered Level 1 of the Spider Nest
 34341 | Spider:1 | Received a gift from Nemelex Xobeh
 35226 | Spider:1 | Received a gift from Nemelex Xobeh
 35333 | Spider:2 | Reached skill level 15 in Invocations
 35494 | Spider:2 | Received a gift from Nemelex Xobeh
 36363 | Spider:2 | Received a gift from Nemelex Xobeh
 36619 | Spider:2 | Acquired an amulet "Zyob Fie" {rN+ Regen+ Int+4 Dex+4
                  | Slay+3}
 36631 | Spider:2 | Identified the cursed +0 cloak of the Equator {rC+ Dex+3}
                  | (You found it in a Gauntlet)
 36723 | Spider:3 | Reached XP level 17. HP: 128/128 MP: 28/28
 37049 | Spider:3 | Received a gift from Nemelex Xobeh
 37272 | Spider:3 | Reached skill level 10 in Armour
 37518 | Spider:4 | Entered Level 4 of the Spider Nest
 37518 | Spider:4 | Noticed Nikola
 37520 | Spider:4 | Killed Nikola
 37520 | Spider:4 | Reached skill level 16 in Invocations
 37792 | Spider:4 | Received a gift from Nemelex Xobeh
 37898 | Spider:4 | Reached skill level 15 in Shields
 38008 | Spider:4 | Reached XP level 18. HP: 79/136 MP: 0/30
 38285 | Spider:4 | Got a gossamer rune of Zot
 38480 | Spider:4 | Received a gift from Nemelex Xobeh
 38713 | Spider:4 | Noticed Arachne
 38728 | Spider:4 | Killed Arachne
 39135 | Swamp:1  | Entered Level 1 of the Swamp
 39221 | Swamp:1  | Received a gift from Nemelex Xobeh
 39602 | Swamp:1  | Noticed Josephine
 39625 | Swamp:1  | Killed Josephine
 39691 | Swamp:1  | Reached skill level 17 in Invocations
 40448 | Swamp:2  | Received a gift from Nemelex Xobeh
 40646 | Swamp:2  | Noticed Jorgrun
 40648 | Swamp:2  | Killed Jorgrun
 41112 | Swamp:3  | Received a gift from Nemelex Xobeh
 41204 | Swamp:3  | Reached skill level 5 in Dodging
 41355 | Swamp:3  | Received a gift from Nemelex Xobeh
 41688 | Swamp:4  | Entered Level 4 of the Swamp
 41886 | Swamp:4  | Received a gift from Nemelex Xobeh
 42068 | Swamp:4  | Reached XP level 19. HP: 146/146 MP: 31/31
 42384 | Swamp:4  | Noticed the 27-headed Lernaean hydra
 42418 | Swamp:4  | Killed the 27-headed Lernaean hydra
 42790 | Swamp:4  | Got a decaying rune of Zot
 43244 | Vaults:1 | Entered Level 1 of the Vaults
 43249 | Vaults:1 | Received a gift from Nemelex Xobeh
 43398 | Vaults:1 | Found Honuol's Jewellery Shop.
 43415 | Vaults:1 | Received a gift from Nemelex Xobeh
 43420 | Vaults:1 | Found a ruined gateway.
 43475 | Desolati | Entered the Desolation of Salt
 43580 | Desolati | Found the cursed necklace of Bloodlust {*Rage +Rage MR++
                  | Int-3 Slay+6 *Curse}
 43608 | Desolati | Got a slimy amber ring
 43614 | Desolati | Reached skill level 18 in Invocations
 43617 | Desolati | Identified the ring of Odotam {rElec rF+ rC+ rN+ Int-4}
                  | (You found it in the Desolation of Salt)
 43655 | Desolati | Received a gift from Nemelex Xobeh
 44008 | Desolati | Identified the +0 long sword of Fate {flame, Dex+8}
 44011 | Desolati | Reached skill level 10 in Dodging
 44040 | Desolati | Reached XP level 20. HP: 68/156 MP: 33/33
 44098 | Desolati | Identified the Tome of Displaced Creation
 44100 | Desolati | Identified the Papyrus of Poisonous Dark Secrets
 44340 | Desolati | Got a vibrating diamond amulet
 44344 | Desolati | Identified the Guide on Earthen Creation
 44363 | Desolati | Identified the Collected Works on Mutagenic Attacks
 44408 | Desolati | Received a gift from Nemelex Xobeh
 44921 | Vaults:1 | Identified the amulet of the Death Scarab {Acrobat rF+ rN+}
                  | (You found it in the Desolation of Salt)
 44942 | Vaults:1 | Received a gift from Nemelex Xobeh
 46118 | Vaults:1 | Identified the +7 morningstar "Sagadu" {protect, rElec rF+
                  | MR+ Stlth+, *no*} (You found it on level 1 of the Vaults)
 46338 | Vaults:2 | Received a gift from Nemelex Xobeh
 46562 | Vaults:2 | Reached skill level 19 in Invocations
 46799 | Vaults:2 | Received a gift from Nemelex Xobeh
 47988 | Vaults:2 | Received a gift from Nemelex Xobeh
 48583 | Vaults:3 | Received a gift from Nemelex Xobeh
 48713 | Vaults:3 | Found a staircase to the Crypt.
 49099 | Vaults:3 | Reached XP level 21. HP: 166/167 MP: 34/34
 49325 | Vaults:3 | Reached skill level 15 in Fighting
 49574 | Vaults:3 | Noticed Mara
 49581 | Vaults:3 | Killed Mara
 49581 | Vaults:3 | Reached skill level 20 in Invocations
 50046 | Vaults:3 | You fall into a shaft and drop 1 floor!
 50046 | Vaults:4 | Found a huge runed gate.
 50046 | Vaults:4 | Found a huge runed gate.
 50046 | Vaults:4 | Found a huge runed gate.
 50046 | Vaults:4 | Found a huge runed gate.
 50046 | Vaults:4 | Found a huge runed gate.
 50046 | Vaults:4 | Found a huge runed gate.
 50046 | Vaults:4 | Found a huge runed gate.
 50046 | Vaults:4 | Found a huge runed gate.
 50046 | Vaults:4 | Found a huge runed gate.
 50048 | Vaults:4 | Found a huge runed gate.
 50048 | Vaults:4 | Found a huge runed gate.
 50048 | Vaults:4 | Found a huge runed gate.
 50048 | Vaults:4 | Found a huge runed gate.
 50048 | Vaults:4 | Found a huge runed gate.
 50048 | Vaults:4 | Found a huge runed gate.
 50048 | Vaults:4 | Found a huge runed gate.
 50049 | Vaults:4 | Found a huge runed gate.
 50050 | Vaults:4 | Found a huge runed gate.
 50060 | Vaults:4 | Found a huge runed gate.
 50060 | Vaults:4 | Found a huge runed gate.
 50060 | Vaults:4 | Found a huge runed gate.
 50060 | Vaults:4 | Found a huge runed gate.
 50060 | Vaults:4 | Found a huge runed gate.
 50060 | Vaults:4 | Found a huge runed gate.
 50060 | Vaults:4 | Found a huge runed gate.
 50061 | Vaults:4 | Found a huge runed gate.
 50062 | Vaults:4 | Found a huge runed gate.
 50127 | Vaults:4 | Found a huge runed gate.
 50127 | Vaults:4 | Found a huge runed gate.
 50127 | Vaults:4 | Found a huge runed gate.
 50127 | Vaults:4 | Found a huge runed gate.
 50127 | Vaults:4 | Found a huge runed gate.
 50127 | Vaults:4 | Found a huge runed gate.
 50127 | Vaults:4 | Found a huge runed gate.
 50128 | Vaults:4 | Found a huge runed gate.
 50129 | Vaults:4 | Found a huge runed gate.
 50168 | Vaults:4 | Got a wavering silver ring
 50169 | Vaults:4 | Identified the ring "Seizxeab" {rF+ AC+4} (You found it on
                  | level 4 of the Vaults)
 50661 | Vaults:4 | Received a gift from Nemelex Xobeh
 51152 | Vaults:4 | Reached skill level 21 in Invocations
 51296 | Vaults:4 | Reached XP level 22. HP: 179/179 MP: 36/36
 53150 | Vaults:5 | Entered Level 5 of the Vaults
 53158 | Vaults:5 | Noticed an ancient lich
 53378 | Vaults:5 | Received a gift from Nemelex Xobeh
 53641 | Vaults:5 | Gained mutation: You do not regenerate when monsters are
                  | visible. [a neqoxec]
 53734 | Vaults:5 | Reached skill level 22 in Invocations
 54375 | Vaults:5 | Reached XP level 23. HP: 154/189 MP: 38/38
 54452 | Vaults:5 | Identified Unuigg's Catalogue of Enthralling Air
 54638 | Vaults:5 | Identified the +5 hunting sling of Amorality {speed,
                  | *Contam rPois Stlth+}
 55046 | Vaults:5 | Got a silver rune of Zot
 55476 | Vaults:5 | Killed an ancient lich
 55660 | Vaults:5 | Identified the cursed +1 robe of Qeixinih {Rampage rPois
                  | Str+2 Dex-4}
 55662 | Vaults:5 | Identified the +2 plate armour of the Six Bounties {Harm
                  | rPois Str-5 SInv}
 55775 | Vaults:5 | Identified the +2 robe of Experimentation {-Cast Dex+6}
 56173 | Vaults:5 | Reached skill level 23 in Invocations
 56316 | Vaults:5 | Found Igiunuddad's Book Shoppe.
 56332 | Vaults:5 | Received a gift from Nemelex Xobeh
 56839 | Elf:1    | Entered Level 1 of the Elven Halls
 57391 | Elf:1    | Found a shimmering altar of Xom.
 57848 | Elf:1    | Received a gift from Nemelex Xobeh
 58295 | Elf:2    | Reached XP level 24. HP: 202/202 MP: 38/38
 59005 | Elf:2    | Found a runed translucent gate.
 59006 | Elf:2    | Found a runed translucent gate.
 59011 | Elf:2    | Found a runed translucent gate.
 59024 | Elf:2    | Received a gift from Nemelex Xobeh
 59324 | Elf:3    | Entered Level 3 of the Elven Halls
 60085 | Elf:3    | Found Ifairch's Weapon Shop.
 60085 | Elf:3    | Received a gift from Nemelex Xobeh
 60125 | Elf:3    | Identified the -2 quarterstaff of Kicyc {freeze, MP+9}
 60600 | Elf:3    | Identified the +10 hand axe of Karma {antimagic, MR+}
 60623 | Elf:3    | Reached skill level 24 in Invocations
 60807 | Elf:3    | Identified the +1 robe "Bufy" {+Fly rF+ Int+2}
 61104 | Elf:3    | Identified the +2 morningstar of the Crypt {speed, rElec
                  | rC- Int+4}
 61239 | Elf:3    | Identified the cursed +0 hat "Hulit" {rElec Str-5 Dex-5
                  | Slay+5} (You found it on level 3 of the Elven Halls)
 61477 | Depths:1 | Entered Level 1 of the Depths
 61636 | Depths:1 | Found a one-way gate to the infinite horrors of the Abyss.
 61737 | Depths:1 | Received a gift from Nemelex Xobeh
 61886 | Depths:1 | Cast into level 2 of the Abyss (hell knight)
 61962 | Abyss:2  | Found a corrupted altar of Lugonu.
 62147 | Abyss:2  | Gained mutation: Your spells are a little easier to cast,
                  | but a little less powerful. [a neqoxec]
 62159 | Abyss:2  | Gained mutation: Your body sometimes deteriorates upon
                  | taking damage. [a neqoxec]
 62232 | Abyss:2  | Received a gift from Nemelex Xobeh
 62325 | Abyss:2  | Found a roughly hewn altar of Beogh.
 62353 | Abyss:2  | Reached XP level 25. HP: 137/212 MP: 39/39
 62512 | Depths:1 | Escaped the Abyss
 62716 | Depths:1 | Received a gift from Nemelex Xobeh
 63156 | Depths:1 | Found a gateway to Hell.
 63555 | Depths:1 | Received a gift from Nemelex Xobeh
 63839 | Depths:2 | Paralysed by a floating eye for 2 turns
 63848 | Depths:2 | Paralysed by a floating eye for 2 turns
 63855 | Depths:2 | Paralysed by a floating eye for 2 turns
 64155 | Depths:2 | Reached skill level 25 in Invocations
 64215 | Depths:2 | Lost mutation: Your body sometimes deteriorates upon taking
                  | damage. [potion of mutation]
 64215 | Depths:2 | Lost mutation: Your spells are a little easier to cast, but
                  | a little less powerful. [potion of mutation]
 64215 | Depths:2 | Gained mutation: You are clumsy. (Dex -2) [potion of
                  | mutation]
 64215 | Depths:2 | Gained mutation: Your skin changes colour to match your
                  | surroundings (Stealth+). [potion of mutation]
 64215 | Depths:2 | Gained mutation: You have large cloven feet. [potion of
                  | mutation]
 64216 | Depths:2 | Lost mutation: You do not regenerate when monsters are
                  | visible. [potion of mutation]
 64216 | Depths:2 | Lost mutation: You have large cloven feet. [potion of
                  | mutation]
 64216 | Depths:2 | Lost mutation: You are clumsy. (Dex -2) [potion of
                  | mutation]
 64216 | Depths:2 | Gained mutation: Potions are less effective at restoring
                  | your health. [potion of mutation]
 64216 | Depths:2 | Gained mutation: You have supernaturally acute eyesight.
                  | (SInv) [potion of mutation]
 64216 | Depths:2 | Gained mutation: Your flesh is heat resistant. (rF+)
                  | [potion of mutation]
 64216 | Depths:2 | Gained mutation: You are covered in fur. (AC +1) [potion of
                  | mutation]
 64493 | Depths:2 | Received a gift from Nemelex Xobeh
 65582 | Depths:2 | Received a gift from Nemelex Xobeh
 65633 | Depths:2 | Noticed a juggernaut
 65652 | Depths:2 | Killed a juggernaut
 66151 | Depths:3 | Noticed Margery
 66535 | Depths:2 | Killed Margery
 66668 | Depths:3 | Reached XP level 26. HP: 219/224 MP: 39/39
 66944 | Depths:3 | Received a gift from Nemelex Xobeh
 67510 | Depths:3 | Found a one-way gate leading to the halls of Pandemonium.
 67770 | Hell     | Entered the Vestibule of Hell
 67770 | Hell     | Noticed Geryon
 67778 | Hell     | Received a gift from Nemelex Xobeh
 67782 | Hell     | Killed Geryon
 68148 | Depths:4 | Reached skill level 26 in Invocations
 68179 | Depths:4 | Received a gift from Nemelex Xobeh
 68398 | Depths:4 | Killed from afar by a hellion

Illustrated notes

Levels and vault maps discovered:
D:1:      eino_arrival_water_cross, layout_loops_ring
D:2:      layout_basic, nicolae_tso_swordbearing_angel, lemuel_doored_altar,
          minmay_fountain_box
D:3:      layout_basic, tgw_sif, uniq_natasha
D:4:      layout_layer_cave, uniq_ijyb
D:5:      layout_gridville, nemelex_xobeh_ov_fountains_minmay,
          nicolae_overflow_crystal_walls, fedhas_altar_1, uniq_eustachio
D:6:      layout_basic, xom_teletrap_fun, minmay_temple_entry_mist,
          serial_shops, nicolae_shop_waterfront, feat_on_display
D:7:      layout_cave_pools, grunt_temple_overflow_lords_of_destruction,
          kennysheep_mini, basic_altar, ashenzari_altar_1
D:8:      layout_gridville, hangedman_decor_points, roderic_batcave,
          lemuel_mausoleum_altar_kikubaaqudgha, uniq_harold
D:9:      layout_gridville, gammafunk_temple_overflow_wave, lemuel_tele_altar
D:10:     kb_forest_paths, layout_basic, dpeg_oklobed_lair
D:11:     layout_roguey
D:12:     layout_roguey, erik_orc_2
D:13:     minmay_twisted_water, layout_rooms, david_vaults_2, minivault_16
D:14:     layout_rooms, gauntlet_entry_generic, serial_shops, shop,
          gammafunk_ghost_split
D:15:     grunt_enter_depths_snipers, layout_basic,
          minmay_misc_feat_more_columns,
          nicolae_gozag_cash_rules_everything_around_me
Lair:1:   layout_hall_layers, serial_bayou_shore_b, grunt_megastairs_2
Lair:2:   layout_cave_pods, minmay_swamp_entry_worms, uniq_fannar
Lair:3:   layout_chaotic_city, grunt_megastairs_1
Lair:4:   layout_gridlike, dummy_spider_entry, cheibrodos_lair_lostbears
Lair:5:   layout_long_grid, slime_altar_2, chequers_serial_rivers_micro_d,
          serial_bayou_crossing, lemuel_fruit_fields, serial_bayou_shore_b,
          infiniplex_staircase_pool
Lair:6:   evilmike_catoblepas_cave, layout_hall_layers, serial_forest,
          infiniplex_forest_pool, infiniplex_forest_clump_long,
          infiniplex_forest_corner_1, infiniplex_forest_clump_medium,
          infiniplex_forest_clump_double, infiniplex_forest_lined_3
Swamp:1:  layout_falls_marsh, hangedman_swamp_ruin_wall, uniq_josephine
Swamp:2:  layout_falls_marsh, hangedman_swamp_cone, swamp_pool1, ldierk_geyser,
          st_shrine_of_shade, uniq_jorgrun
Swamp:3:  layout_falls_marsh, evilmike_swamp_ruin_rubble_1,
          hangedman_swamp_lotus
Swamp:4:  swamp_old_school, layout_basic_swamp, swamp_pool1,
          nicolae_swamp_hydra_murder_den
Spider:1: layout_spider_delve, drop_trap
Spider:2: layout_chambers, nicolae_orb_island
Spider:3: layout_spider_delve
Spider:4: grunt_spider_rune_circles, hangedman_spider_tarantella_strand,
          uniq_nikola, uniq_arachne
Orc:1:    layout_caves
Orc:2:    st_orc_congregation, layout_diamond_mine, serial_shops, shop,
          sword_in_stone
Elf:1:    elf_arrival_002, layout_geoelf_octagon, basic_altar,
          hangedman_elven_crosses_minicolossus
Elf:2:    layout_gridlike, evilmike_ambush [evilmike_ambush_outer_corners,
          evilmike_ambush_inner_cross]
Elf:3:    elf_hall_gauntlet_wide, layout_rooms, serial_shops, shop
Vaults:1: nicolae_vaults_little_squares_5, ontoclasm_vaults_ring_small,
          grunt_vaults_bifocal, nicolae_vaults_quartermaster,
          nicolae_vaults_three_branches, vaults_dpeg_cross,
          layout_vaults_omnigrid, portal_desolation_entry_nicolae_slug,
          serial_shops, shop
Vaults:2: v_misc_4, v_misc_4, vaults_dpeg_ring, ontoclasm_vaults_eye,
          hangedman_vaults_slither, vaults_standard_mumra_enter_the_diamond,
          vaults_standard_mumra_x, grunt_vaults_hallway_short,
          vaults_room_ringed_pool, vaults_room_large_hall,
          ontoclasm_vaults_claustrophobia, vaults_room_hallway, v_misc_23,
          layout_vaults_ring
Vaults:3: hangedman_vaults_pinch, v_rooms_6, st_lines, grunt_vaults_focal,
          hangedman_vaults_locks, nicolae_vaults_back_hallway,
          nicolae_vaults_specimen_jars, ontoclasm_vaults_pinch, serial_ice_h,
          grunt_vaults_funnel, blue_anna_dwarven_crypt,
          nicolae_vaults_shelves_hall, vaults_dpeg_diagonal,
          layout_vaults_maze_snakey, uniq_mara
Vaults:4: ontoclasm_vaults_idyll, v_rooms_6, v_misc_3, v_alt_pattern_6,
          v_misc_32, ontoclasm_vaults_hangar, vaults_not_door_vault_due,
          v_misc_10, nicolae_vaults_network_quincunx
          [nicolae_vaults_network_quincunx_subvault,
          nicolae_vaults_network_quincunx_subvault,
          nicolae_vaults_network_quincunx_subvault,
          nicolae_vaults_network_quincunx_subvault,
          nicolae_vaults_network_quincunx_subvault],
          nicolae_vaults_little_squares_5, nicolae_vaults_circle_grid_a,
          layout_vaults_omnibox
Vaults:5
Depths:1: layout_gridlike, abyss_entry, grunt_hell_entry_dis_old, drop_trap,
          hangedman_decor_opposing, minmay_statues_item, grunt_decor_cap,
          nrook_uturn, nicolae_wwwww
Depths:2: minmay_tri_box, layout_basic, pf_coc_iceberg, fountainhead,
          infiniplex_staircase_pool_2, serial_bayou_shore_b
Depths:3: wad_cavern_with_rooms, layout_cross, glass_columns_b,
          rand_demon_pan_entry_1, hell_entry, minmay_room_of_horrors,
          uniq_margery
Depths:4: hangedman_box_tower, layout_gridlike, abyss_entry,
          small_statue_intersection, grunt_hell_horde, minmay_strange_pillars
Hell

Skill      XL: |  1  2  3  4  5  6  7  8  9 10 11 12 13 14 15 16 17 18 19 20 21 22 23 24 25 26 |
---------------+-------------------------------------------------------------------------------+-----
Maces & Flails | 4 5 6 7 8 10 11 13 14 15 16 | 16.0
Shields        | 2 5 7 8 9 11 12 14 15 | 15.0
Invocations    | 4 6 8 10 12 14 15 16 17 18 19 21 22 23 24 25 26 | 26.1
Fighting       | 4 6 8 10 11 13 14 16 18 19 20 21 22 | 22.4
Armour         | 1 6 9 11 12 | 12.0
Dodging        | 6 10 | 10.0
Stealth        | |  2.0

Action                   |  1- 3 |  4- 6 |  7- 9 | 10-12 | 13-15 | 16-18 | 19-21 | 22-24 | 25-27 || total
-------------------------+-------+-------+-------+-------+-------+-------+-------+-------+-------++-------
Melee: Mace              |    85 |   156 |    64 |       |       |       |       |       |       ||   305
       Whip              |       |   101 |    84 |       |       |       |       |       |       ||   185
       Morningstar       |       |       |   308 |   813 |  1604 |  1446 |  1379 |  1500 |   909 ||  7959
       Dagger            |       |       |     2 |       |       |       |       |       |       ||     2
Throw: Stone             |     4 |     9 |    19 |       |     4 |       |       |       |       ||    36
Invok: Draw Destruction  |       |       |     5 |    12 |    39 |    10 |    16 |     9 |    12 ||   103
       Draw Summoning    |       |       |       |     7 |     9 |     3 |     8 |     7 |     4 ||    38
       Draw Escape       |       |       |       |       |     4 |       |       |     2 |       ||     6
       Triple Draw       |       |       |       |       |     1 |     1 |       |     1 |       ||     3
       Deal Four         |       |       |       |       |     1 |       |       |     2 |       ||     3
       Stack Five        |       |       |       |       |       |       |       |     1 |       ||     1
Evoke: Wand              |       |       |     2 |       |     8 |     4 |     2 |     5 |     1 ||    22
  Use: Scroll            |       |     5 |     4 |    17 |    16 |     8 |    11 |     9 |     3 ||    73
       Potion            |       |     4 |       |     1 |     3 |     1 |     2 |    11 |     2 ||    24
 Stab: Sleeping          |     4 |     1 |     4 |       |       |       |       |       |     1 ||    10
       Distracted        |       |       |     1 |     1 |     1 |       |     1 |       |     1 ||     5
       Petrified         |       |       |       |       |     1 |       |       |       |       ||     1
       Confused          |       |       |       |       |       |     2 |     2 |       |       ||     4
Armor: Robe              |     6 |       |       |       |       |       |       |       |       ||     6
       Leather armour    |    13 |    67 |    32 |       |       |       |       |       |       ||   112
       Chain mail        |       |       |    27 |    50 |   140 |   616 |   352 |   525 |   442 ||  2152
       Plate armour      |       |       |       |   163 |   350 |       |       |       |       ||   513
Dodge: Dodged            |    36 |   111 |   111 |   131 |   360 |   572 |   585 |   506 |   555 ||  2967
Block: Kite shield       |    24 |   112 |   285 |   615 |  1297 |  1538 |  1210 |  1155 |   948 ||  7184
       Reflection        |     1 |     1 |     4 |    19 |    33 |    27 |    98 |    78 |    27 ||   288

Table legend: (Time is in decaauts)
 A = Elapsed time spent in this place.
 B = Non-inter-level travel time spent in this place.
 C = Inter-level travel time spent in this place.
 D = Time resting spent in this place.
 E = Time spent auto-exploring this place.
 F = Levels seen in this place.
 G = Mean time per level.
                   A        B        C        D        E       F      G
               +--------+--------+--------+--------+--------+-----+--------+
         Total |  67899 |  65299 |   2600 |  23858 |  27435 |  47 | 1444.7 |
       Dungeon |  19697 |  18728 |    969 |   6285 |   8271 |  15 | 1313.1 |
          Lair |  11313 |  10807 |    506 |   5398 |   3899 |   6 | 1885.5 |
         Swamp |   4041 |   3815 |    226 |    350 |   2541 |   4 | 1010.2 |
   Spider Nest |   4590 |   4359 |    231 |    676 |   2434 |   4 | 1147.5 |
  Orcish Mines |   2757 |   2638 |    119 |    768 |   1089 |   2 | 1378.5 |
   Elven Halls |   4493 |   4363 |    130 |   2022 |   1521 |   3 | 1497.7 |
        Vaults |  12269 |  11919 |    350 |   5298 |   4258 |   5 | 2453.8 |
        Depths |   6162 |   6097 |     65 |   2458 |   2546 |   4 | 1540.5 |
          Hell |     34 |     34 |      0 |      0 |      0 |   1 |   34.0 |
         Abyss |    613 |    613 |      0 |    105 |     17 |   1 |  613.0 |
    Desolation |   1290 |   1290 |      0 |    422 |    540 |   1 | 1290.0 |
      Gauntlet |    636 |    636 |      0 |     73 |    314 |   1 |  636.0 |
               +--------+--------+--------+--------+--------+-----+--------+

Top non-repeatable levels by time:
Vaults:5: 3095 daAuts
Depths:2: 3006 daAuts
Vaults:4: 2991 daAuts
Vaults:3: 2660 daAuts
  Lair:6: 2641 daAuts
  Lair:3: 2042 daAuts
     D:3: 2028 daAuts
  Lair:5: 1985 daAuts
  Lair:4: 1960 daAuts
     D:4: 1859 daAuts
  Lair:2: 1786 daAuts
Vaults:1: 1786 daAuts
   Elf:3: 1759 daAuts
Vaults:2: 1734 daAuts
   Elf:1: 1733 daAuts
